 Dungeon Crawl Stone Soup version 0.31-a0-1165-g196b491b36 (webtiles) character file.

Game seed: 17265854882759581615

166 BigPumpCobain the Ruffian (level 5, -2/50 HPs)
             Began as a Troll Shapeshifter on Dec 10, 2023.
             Was an Initiate of Qazlal.
             Slain by Ijyb
             ... wielding a +0 club
              (5 damage)
             ... on level 4 of the Dungeon.
             The game lasted 00:03:43 (2211 turns).

BigPumpCobain the Ruffian (Troll Shapeshifter)      Turns: 2211, Time: 00:03:43

Health: -2/50      AC:  4    Str: 24    XL:     5   Next: 22%
Magic:  4/4        EV:  9    Int:  6    God:    Qazlal [......]
Gold:   179        SH:  0    Dex:  9    Spells: 4/4 levels left

rFire   . .          .
                       - Unarmed
rCold   . . .        (no shield)
rNeg    . . .        a - +0 animal skin
rPois   .            (helmet currently unavailable)
rElec   .            (cloak currently unavailable)
rCorr   .            (gloves unavailable)
SInv    .            (boots unavailable)
Will    .....        (no amulet)
Stlth   +            (no ring)
HPRegen 1.08/turn    (no ring)
MPRegen 0.09/turn

%: no passive effects
@: beast-form
A: beast (slay +1), large, unfitting armour, claws 3, regeneration 1, shaggy fur
1, tough skin 1
a: Begin Untransformation, Renounce Religion


You were on level 4 of the Dungeon.
You worshipped Qazlal.
Qazlal was noncommittal.
You were a hulking beast.
You visited 1 branch of the dungeon, and saw 4 of its levels.

You collected 179 gold pieces.

Inventory:

Hand Weapons
 f - a +0 rapier of venom
Missiles
 m - a throwing net
Armour
 a - a +0 animal skin (worn)
 g - an orb of light
Jewellery
 n - an amulet of reflection
Talismans
 c - a beast talisman
 d - a flux talisman
Scrolls
 i - a scroll of teleportation
 k - a scroll of torment
 l - a scroll of poison {unknown}
 p - a scroll of identify
 q - a scroll of enchant armour {unknown}
Potions
 b - 2 potions of lignification
 e - 3 potions of enlightenment
 h - 3 potions of curing {unknown}
 j - 2 potions of heal wounds {unknown}
 o - a potion of cancellation {unknown}


   Skills:
 + Level 2.4 Fighting
 - Level 1.5 Dodging
 * Level 5.1 Unarmed Combat
 - Level 3.0 Shapeshifting


You had 4 spell levels left.
You didn't know any spells.
Your spell library was empty.

Dungeon Overview and Level Annotations

Branches:
Dungeon (4/15)
 Temple: D:4-7

Altars:
Qazlal
Ru
Trog
Xom

Shops:
D:1 =

Annotations:
D:4 Ijyb


Innate Abilities, Weirdness & Mutations

You are a hulking beast.
Your limbs bulge with bestial killing power. (Slay +1)
You are too large for most types of armour.
You have claws for hands.
Your natural rate of healing is unusually fast.
You are covered in fur. (AC +1)
You have tough skin. (AC +1)


Message History

Ijyb is lightly wounded.
You claw Ijyb!
Ijyb is heavily wounded.
The gnoll hits you from afar with a +0 spear.
Ijyb barely misses you.
You scratch Ijyb but do no damage.
Ijyb is heavily wounded.
Ijyb barely misses you.
The gnoll hits you from afar with a +0 spear.
You closely miss Ijyb.
Ijyb is heavily wounded.
The gnoll hits you from afar with a +0 spear.
Ijyb zaps a wand.
The bolt of light misses you.
You barely miss Ijyb.
Ijyb is heavily wounded.
Ijyb zaps a wand.
The bolt of light hits you!
You are confused.
* * * LOW HITPOINT WARNING * * *
The gnoll closely misses you.
You bump into the rock wall.
The gnoll closely misses you. Ijyb hits you with a +0 club.
* * * LOW HITPOINT WARNING * * *
You bump into the rock wall.
You feel less confused. Ijyb hits you but does no damage.
The gnoll hits you but does no damage.
You completely miss Ijyb. You claw Ijyb!
Ijyb is severely wounded.
The gnoll hits you from afar with a +0 spear.
* * * LOW HITPOINT WARNING * * *
Ijyb hits you with a +0 club.
* * * LOW HITPOINT WARNING * * *
You barely miss Ijyb.
Ijyb is severely wounded.
Ijyb hits you but does no damage. The gnoll hits you but does no damage.
You closely miss Ijyb.
Ijyb is severely wounded.
The gnoll hits you from afar with a +0 spear.
* * * LOW HITPOINT WARNING * * *
Ijyb hits you with a +0 club.
You die...

#.###
##...###
#......#
#......#
#......#
##.#.###
#.###
##.#####.#
#...ggh..#
#..#######
#


You could see Ijyb and a gnoll.

Vanquished Creatures
  A gnoll sergeant (D:4)
  4 adders
  5 worms
  2 dart slugs (D:3)
  6 ball pythons
  3 endoplasms
  3 giant cockroaches (D:3)
  8 hobgoblins
  3 kobolds
  A quokka (D:2)
  7 bats
  5 frilled lizards
  2 goblins (D:1)
  2 rats
52 creatures vanquished.

Notes
Turn   | Place    | Note
-------+----------+-------------------------------------------
     0 | D:1      | BigPumpCobain the Troll Shapeshifter began the quest for
                  | the Orb.
     0 | D:1      | Reached XP level 1. HP: 18/18 MP: 0/0
    37 | D:1      | Reached skill level 1 in Fighting
    85 | D:1      | Found Ompeiqot's Jewellery Boutique.
   224 | D:1      | Reached XP level 2. HP: 27/27 MP: 1/1
   606 | D:2      | Reached XP level 3. HP: 33/33 MP: 2/2
   739 | D:2      | Reached skill level 4 in Unarmed Combat
  1676 | D:3      | Reached XP level 4. HP: 42/42 MP: 3/3
  1825 | D:3      | Found a stormy altar of Qazlal.
  1829 | D:3      | Became a worshipper of Qazlal Stormbringer
  1832 | D:3      | Found a bloodstained altar of Trog.
  1869 | D:3      | Found a sacrificial altar of Ru.
  1869 | D:3      | Found a shimmering altar of Xom.
  1942 | D:3      | Found a glowing drain.
  2186 | D:4      | Noticed a gnoll sergeant
  2190 | D:4      | Noticed Ijyb
  2195 | D:4      | Killed a gnoll sergeant
  2196 | D:4      | Reached skill level 5 in Unarmed Combat
  2196 | D:4      | Reached XP level 5. HP: 39/50 MP: 4/4
  2211 | D:4      | Slain by Ijyb

Illustrated notes

Levels and vault maps discovered:
D:1:      minmay_arrival_jagged, layout_rooms, serial_shops,
          nicolae_shop_gaudy_bauble, roderic_lattice_a, minmay_pentomino_w2
D:2:      layout_loops_ring, chequers_serial_rivers_large_b
D:3:      layout_loops_corners, minitemple, gammafunk_temple_overflow_wave,
          gup_sewer_entry_glass
D:4:      layout_basic, uniq_ijyb

Skill      XL: |  1  2  3  4 |
---------------+-------------+-----
Fighting       | 1 2 |  2.4
Unarmed Combat | 4 5 |  5.1
Dodging        | |  1.5
Shapeshifting  | |  3.0

Action                     |  1- 3 |  4- 6 || total
---------------------------+-------+-------++-------
  Melee: Unarmed           |    89 |    42 ||   131
         Punch             |       |     1 ||     1
    Use: Scroll            |     4 |       ||     4
 Armour: Animal skin       |    55 |    45 ||   100
  Dodge: Dodged            |    41 |    21 ||    62

Table legend: (Time is in decaauts)
 A = Elapsed time spent in this place.
 B = Non-inter-level travel time spent in this place.
 C = Inter-level travel time spent in this place.
 D = Time resting spent in this place.
 E = Time spent auto-exploring this place.
 F = Levels seen in this place.
 G = Mean time per level.
                   A        B        C        D        E       F      G
               +--------+--------+--------+--------+--------+-----+--------+
         Total |   2201 |   2019 |    182 |      0 |   1685 |   4 |  550.2 |
       Dungeon |   2201 |   2019 |    182 |      0 |   1685 |   4 |  550.2 |
               +--------+--------+--------+--------+--------+-----+--------+

Top non-repeatable levels by time:
     D:3: 908 daAuts
     D:2: 664 daAuts
     D:1: 587 daAuts
     D:4: 41 daAuts
